 Dungeon Crawl Stone Soup version 0.28.0 (webtiles) character file.

Game seed: 5772783925635270475

8641 Sanktem7 the Basher (level 11, -3/101 HPs)
             Began as a Minotaur Fighter on Feb 11, 2022.
             Was an Initiate of Ru.
             Slain by an orc knight (11 damage)
             ... in a bailey.
             The game lasted 00:23:40 (11174 turns).

Sanktem7 the Basher (Minotaur Fighter)             Turns: 11174, Time: 00:23:40

Health: -3/101     AC: 22    Str: 32    XL:     11   Next: 12%
Magic:  10/10      EV:  9    Int:  5    God:    Ru [......]
Gold:   463        SH:  4    Dex: 12    Spells: 10/10 levels left

rFire   . . .      SeeInvis .   q - +6 flail "Dragonslayer" {protect, Dex+3}
rCold   . . .      Faith    .   c - +0 buckler
rNeg    + . .      Spirit   .   b - +1 chain mail of the Realm of Zot {Str+6}
rPois   .          Reflect  .   h - +1 hat
rElec   .          Harm     .   D - +0 cloak
rCorr   .          Rampage  .   (no gloves)
Will    .....                   (no boots)
Stlth   ..........              (no amulet)
HPRegen 0.26/turn               s - ring of positive energy
MPRegen 0.12/turn               (no ring)

@: under a protective aura, studying Armour, very slow
A: horns 2, retaliatory headbutt
a: Renounce Religion, Sacrifice Words, Sacrifice Essence, Sacrifice Durability,
Reject Sacrifices


You were in a bailey.
You worshipped Ru.
Ru was noncommittal.
You visited 2 branches of the dungeon, and saw 10 of its levels.
You also visited: Ossuary and Bailey.

You collected 463 gold pieces.

Inventory:

Hand Weapons
 q - the +6 flail "Dragonslayer" (weapon) {protect, Dex+3}
   (You found it on level 4 of the Dungeon)

   It grants its wielder temporary protection when it strikes (+7 to AC).
   Dex:       It affects your dexterity (+3).
 F - a +2 long sword
Missiles
 g - a silver boomerang (quivered)
 j - 3 throwing nets
Armour
 b - the +1 chain mail of the Realm of Zot (worn) {Str+6}
   (You found it on level 6 of the Dungeon)

   Str:       It affects your strength (+6).
 c - a +0 buckler (worn)
 h - a +1 hat (worn)
 D - a +0 cloak (worn)
Jewellery
 s - a ring of positive energy (left hand)
Wands
 k - a wand of iceblast (22)
 p - a wand of acid (8)
 B - a wand of paralysis (10)
 E - a wand of digging (8)
Scrolls
 e - 5 scrolls of enchant weapon
 i - 2 scrolls of teleportation
 n - a scroll of summoning
 u - 3 scrolls of enchant armour
 A - a scroll of brand weapon {unknown}
Potions
 d - 3 potions of might
 f - 4 potions of curing
 l - 2 potions of magic
 m - a potion of heal wounds
 r - a potion of haste
 w - a potion of mutation
 x - 3 potions of brilliance
 z - a potion of invisibility {unknown}
 C - a potion of lignification {unknown}


   Skills:
 * Level 10.5 Fighting
 - Level 6.7 Long Blades
 * Level 12.2 Maces & Flails
 * Level 1.5 Throwing
 * Level 12.0 Armour
 + Level 2.4 Dodging
 - Level 3.6 Shields


You had 10 spell levels left.
You didn't know any spells.
Your spell library contained the following spells:

 Spells                   Type           Power      Damage    Failure   Level
 Animate Skeleton         Necr           0%         N/A       93%         1
 Apportation              Tloc           0%         N/A       93%         1
 Sandblast                Erth           0%         2d4       93%         1
 Summon Small Mammal      Summ           0%         N/A       93%         1
 Ensorcelled Hibernation  Hex/Ice        0%         N/A       98%         2
 Passwall                 Tmut/Erth      0%         N/A       98%         2
 Scorch                   Fire           0%         2d5       98%         2
 Stone Arrow              Conj/Erth      0%         3d7       100%        3
 Fulminant Prism          Conj/Hex       0%         3d6       100%        4
 Sticky Flame             Conj/Fire      0%         2d3       100%        4
 Borgnjor's Revivificati  Necr           0%         N/A       100%        8
 Discord                  Hex            0%         N/A       100%        8
 Necromutation            Tmut/Necr      0%         N/A       100%        8
 Death's Door             Necr           0%         N/A       100%        9


Dungeon Overview and Level Annotations

Branches:
Dungeon (9/15)             Temple (1/1) D:6         Ossuary (visited)
 Bailey (1/1)
   Lair: D:8-11         Orc: D:9-12

Altars:
Ashenzari
Cheibriados
Dithmenos
Elyvilon
Fedhas
Gozag
Hepliaklqana
Kikubaaqudgha
Makhleb
Nemelex Xobeh
Okawaru
Qazlal
Ru
Sif Muna
Trog
Uskayaw
Vehumet
Wu Jian
Xom
Yredelemnul
Zin
The Shining One

Shops:
D:6 =


Innate Abilities, Weirdness & Mutations

You have a pair of horns on your head.
You reflexively headbutt those who attack you in melee.


Message History

The orc knight is moderately wounded.
You block the orc knight's attack.
The orc knight roars a battlecry!
The orc knight goes into a battle-frenzy!
You completely miss the orc knight.
You headbutt the orc knight, but do no damage.
The orc knight is moderately wounded.
The orc knight hits you with a +0 glaive!!!
The orc knight hits you but does no damage.
Your unstable footing causes you to fumble your attack.
You barely miss the orc knight.
The orc knight is moderately wounded.
You bludgeon the orc knight!!
Your weapon exudes an aura of protection.
The orc knight is severely wounded.
The orc knight hits you from afar with a +0 halberd!
The orc knight hits you with a +0 glaive!
* * * LOW HITPOINT WARNING * * *
You sock the orc knight!
You headbutt the orc knight, but do no damage.
The orc knight is almost dead.
The orc knight hits you from afar with a +0 halberd.
* * * LOW HITPOINT WARNING * * *
You hit the orc knight.
You headbutt the orc knight, but do no damage.
The orc knight is almost dead.
The orc knight hits you with a +0 glaive!
* * * LOW HITPOINT WARNING * * *
The orc knight barely misses you.
Your unstable footing causes you to fumble your attack.
The orc knight splashes around in the water.
The orc knight completely misses you.
You thump the orc knight!
You kill the orc knight!
You hear a splash. x3
Your Armour skill increases to level 12!
The orc knight no longer looks unusually strong.
The orc knight hits you but does no damage.
The orc knight hits you from afar with a +0 halberd!
You die...

########### ##.........##
##..≈≈≈≈≈≈)..##
##..≈≈.)...≈≈..##
####..≈≈..###..≈≈..##########
.....≈≈..## ##o.@≈..........#
≈≈≈≈≈≈..##.∩.##..≈≈≈≈≈≈≈≈≈≈.#
......o##.....##..........≈.#
#######'###'#############.≈.#
....§ ##.≈.# # .≈≈≈≈ ##..≈.#
## ≈≈o..o. ##..≈≈.# .#
o.o⌠∩⌠. #'#..≈≈.## .#+#
≈...⌠.. #'#..≈≈.∩#


You could see an orc knight.

Vanquished Creatures
  Harold (D:8)
  2 two-headed ogres (D:9)
  2 orc knights (Bailey)
  Maurice (D:8)
  A gargoyle (D:8)
  Maggie (D:8)
  2 hornets (D:7)
  A wyvern (D:9)
  4 yaks (D:9)
  4 water moccasins
  Duvessa (D:4)
  4 orc warriors
  A black bear (D:5)
  2 sky beasts (D:7)
  2 centaurs
  An ogre (D:3)
  2 bullfrogs (D:8)
  A wyvern zombie (D:7)
  4 scorpions
  Dowan (D:4)
  7 killer bees (D:9)
  10 wights
  A howler monkey (D:5)
  6 centaur zombies
  4 hounds
  2 bullfrog zombies
  A bullfrog skeleton (D:6)
  A jelly (D:7)
  2 orc priests
  5 iguanas
  4 orc wizards
  A hound zombie (D:5)
  Robin (D:2)
  6 mummies (Ossuary)
  7 gnolls
  A howler monkey skeleton (D:7)
  10 adders
  A shadow imp (D:7)
  4 white imps
  2 adder zombies (D:5)
  4 worms
  2 dart slugs
  44 orcs
  5 ball pythons
  7 bats
  6 endoplasms
  4 giant cockroaches
  3 gnoll zombies (Ossuary)
  17 goblins
  7 hobgoblins
  8 jackals
  6 quokkas
  4 frilled lizards
  A goblin zombie (D:7)
  5 kobolds
  3 orc zombies (Ossuary)
  2 rats (D:2)
  A rat zombie (D:7)
243 creatures vanquished.

Vanquished Creatures (others)
  3 plants (D:2)
  2 withered plants (D:1)
5 creatures vanquished.

Grand Total: 248 creatures vanquished

Notes
Turn   | Place    | Note
-------+----------+-------------------------------------------
     0 | D:1      | Sanktem7 the Minotaur Fighter began the quest for the Orb.
     0 | D:1      | Reached XP level 1. HP: 19/19 MP: 0/0
   129 | D:1      | Reached XP level 2. HP: 25/27 MP: 1/1
   522 | D:1      | Found a faded altar of an unknown god.
   890 | D:2      | Noticed Robin
   901 | D:2      | Killed Robin
   902 | D:2      | Reached XP level 3. HP: 34/34 MP: 2/2
  1095 | D:2      | Found a radiant altar of Vehumet.
  1373 | D:2      | Reached XP level 4. HP: 30/41 MP: 3/3
  2215 | D:3      | Noticed an ogre
  2224 | D:3      | Killed an ogre
  2225 | D:3      | Reached skill level 5 in Long Blades
  2225 | D:3      | Reached XP level 5. HP: 47/47 MP: 4/4
  2282 | D:3      | Reached skill level 5 in Fighting
  2687 | D:3      | HP: 2/48 [gnoll (5)]
  2693 | D:3      | Reached XP level 6. HP: 3/56 MP: 5/5
  3075 | D:3      | Reached skill level 5 in Armour
  3287 | D:4      | Got Ystry's Incunabulum of Hexes and the Arsonist
  3461 | D:4      | Noticed Duvessa
  3461 | D:4      | Noticed Dowan
  3479 | D:4      | Killed Duvessa
  3496 | D:4      | Killed Dowan
  3830 | D:4      | Reached XP level 7. HP: 55/61 MP: 6/6
  3931 | D:4      | Identified the +6 flail "Dragonslayer" {protect, Dex+3}
  4123 | D:5      | Entered Level 5 of the Dungeon
  4264 | D:5      | Reached skill level 1 in Maces & Flails
  4328 | D:5      | Reached skill level 1 in Dodging
  4486 | D:5      | Found a glowing golden altar of the Shining One.
  5097 | D:6      | Reached XP level 8. HP: 9/70 MP: 7/7
  5569 | D:6      | Identified the +1 chain mail of the Realm of Zot {Str+6}
  5624 | D:6      | Reached skill level 5 in Maces & Flails
  5644 | D:6      | Identified the +1 leather armour of Amorality {Rampage
                  | Str+2 Dex+5}
  5829 | D:6      | Found Genkyri's Jewellery Shoppe.
  5878 | D:6      | Found a staircase to the Ecumenical Temple.
  6084 | Temple   | Entered the Ecumenical Temple
  6647 | Temple   | Became a worshipper of Ru the Awakened
  6763 | D:7      | Found a sand-covered staircase.
  6800 | Ossuary  | Entered an ossuary
  7201 | D:7      | Noticed a hornet
  7206 | D:7      | Paralysed by a hornet for 1 turns
  7210 | D:7      | Killed a hornet
  7211 | D:7      | Reached XP level 9. HP: 47/79 MP: 8/8
  7560 | D:7      | Paralysed by a hornet for 2 turns
  8273 | D:8      | Noticed Harold
  8281 | D:8      | Killed Harold
  8560 | D:8      | Noticed Maggie
  8568 | D:8      | Killed Maggie
  8569 | D:8      | Reached skill level 10 in Maces & Flails
  8569 | D:8      | Reached skill level 10 in Armour
  8569 | D:8      | Reached XP level 10. HP: 78/90 MP: 9/9
  8858 | D:8      | Noticed a gargoyle
  8865 | D:8      | Killed a gargoyle
  8955 | D:8      | Noticed Maurice
  8988 | D:8      | Killed Maurice
 10009 | D:9      | Noticed a two-headed ogre
 10017 | D:9      | Killed a two-headed ogre
 10073 | D:9      | Reached skill level 10 in Fighting
 10092 | D:9      | Noticed a two-headed ogre
 10108 | D:9      | Killed a two-headed ogre
 10404 | D:9      | Identified a scroll of acquirement
 10404 | D:9      | Acquired a manual of Armour
 10514 | D:9      | Found a flagged portal.
 10522 | Bailey   | Entered a bailey
 10728 | Bailey   | Noticed an orc knight
 10761 | Bailey   | Reached XP level 11. HP: 78/101 MP: 10/10
 10803 | Bailey   | Noticed an orc knight
 10803 | Bailey   | Noticed an orc knight
 10822 | Bailey   | Killed an orc knight
 10823 | Bailey   | Reached skill level 1 in Throwing
 10824 | Bailey   | HP: 3/101 [orc warrior (17)]
 11172 | Bailey   | Killed an orc knight
 11174 | Bailey   | Slain by an orc knight

Illustrated notes

Levels and vault maps discovered:
D:1:      dpeg_arrival_windows_large_door, layout_loops_ring,
          ebering_ecumenical_altar_petrified
D:2:      layout_basic, basic_altar, serial_forest,
          infiniplex_forest_clump_long, infiniplex_forest_end_1,
          infiniplex_forest_lined_2, infiniplex_forest_fountain,
          infiniplex_forest_zigzag_1, chequers_serial_rivers_small_3, uniq_robin
D:3:      layout_basic, st_stairs_3
D:4:      layout_basic, uniq_duvessa
D:5:      layout_basic, mainiacjoe_overflow_catwalk
D:6:      layout_cave_pools, minmay_temple_entry_poolview, serial_shops, shop
D:7:      cheibrodos_quashed, layout_basic, enter_ossuary_4
D:8:      layout_gridville, uniq_maggie, uniq_harold, uniq_maurice
D:9:      layout_basic, enter_bailey_3
Temple:   mainiacjoe_temple_starburst
Bailey:   bailey_polearm_1, bailey

Skill      XL: |  1  2  3  4  5  6  7  8  9 10 11 |
---------------+----------------------------------+-----
Fighting       | 4 5 6 7 8 10 | 10.5
Armour         | 4 5 7 8 10 11 12 | 12.0
Long Blades    | 3 5 6 |  6.7
Maces & Flails | 3 7 10 12 | 12.2
Dodging        | 1 2 |  2.4
Throwing       | 1 |  1.5
Shields        | |  3.6

Action                   |  1- 3 |  4- 6 |  7- 9 | 10-12 || total
-------------------------+-------+-------+-------+-------++-------
Melee: Long sword        |    84 |   124 |     5 |       ||   213
       Headbutt          |     8 |    21 |    38 |    36 ||   103
       Flail             |       |       |   244 |   188 ||   432
Throw: Boomerang         |     9 |       |       |     5 ||    14
  Use: Scroll            |       |       |     8 |     4 ||    12
       Potion            |       |       |     5 |     3 ||     8
Armor: Scale mail        |    34 |    58 |    82 |       ||   174
       Chain mail        |       |       |    72 |   101 ||   173
Dodge: Dodged            |    33 |    47 |    90 |    82 ||   252
Block: Buckler           |    16 |    22 |    44 |    33 ||   115
